AoeStats
← karimolmedo

Arabia

509516357Analyzed
1v1 RM · 6d ago on Sep 27, 2026· 55m 52s· 2 players
Game mode
Random Map
Map size
Tiny (2 player)
Population
200
Speed
Normal
Resources
Standard
Victory
Conquest
Starting age
Dark Age
Ending age
Imperial Age
RankedLock teamsTeams togetherTeam positionsShared explorationLock speedFull tech treeHidden civsTurbo modeCheats
Victory
Defeat
🇲🇽 Georgians · Mexico
872
+16
🇦🇷 Japanese · Argentina
873
-16
abogadomarb
3:00 Loom
6:51 Loom
9:27 Feudal Age
10:31 Double-Bit Axe
13:21 Forging
16:09 Bloodlines
18:40 Horse Collar
22:17 Fletching
22:28 Padded Archer Armor
25:59 Castle Age
23:59 Stone Mining
24:25 Arson
24:00 Man-at-Arms
24:53 Scale Barding Armor
25:10 Gold Mining
27:45 Iron Casting
27:06 Bodkin Arrow
26:36 Crossbowman
27:33 Town Watch
28:32 Chain Barding Armor
29:17 Bow Saw
30:12 Wheelbarrow
31:12 Leather Archer Armor
31:42 Heavy Plow
33:01 Svan Towers
34:23 Hand Cart
35:37 Town Patrol
39:53 Imperial Age
38:16 Fervor
38:27 Sanctity
38:57 Squires
38:42 Gambesons
39:38 Stone Shaft Mining
39:20 Scale Mail Armor
41:00 Heavy Cavalry Archer
42:31 Bracer
43:49 Chemistry
43:12 Ballistics
43:19 Conscription
43:42 Block Printing
43:21 Treadmill Crane
43:53 Masonry
44:52 Aznauri Cavalry
45:02 Sappers
46:26 Crop Rotation
46:00 Elite Monaspa
47:34 Hoardings
48:54 Blast Furnace
48:30 Plate Barding Armor
48:28 Husbandry
49:35 Parthian Tactics
49:29 Siege Engineers
49:56 Architecture
50:12 Chain Mail Armor
50:27 Arrowslits
50:38 Murder Holes
53:29 Parthian Tactics
karimolmedo
11:26 Feudal Age
10:05 Loom
11:54 Man-at-Arms
13:42 Scale Mail Armor
14:37 Arson
17:32 Double-Bit Axe
23:48 Castle Age
22:08 Padded Archer Armor
22:01 Fletching
22:12 Horse Collar
23:38 Wheelbarrow
22:49 Town Watch
26:46 Bodkin Arrow
27:28 Town Patrol
27:52 Elite Skirmisher
30:56 Leather Archer Armor
31:23 Heavy Plow
31:36 Bow Saw
34:20 Hand Cart
36:36 Forging
36:41 Chain Mail Armor
36:31 Scale Barding Armor
36:39 Pikeman
37:20 Squires
37:06 Gambesons
39:51 Thumb Ring
45:46 Imperial Age
44:57 Iron Casting
44:24 Light Cavalry
45:15 Bloodlines
45:05 Husbandry
46:02 Ballistics
45:39 Murder Holes
47:34 Kataparuto
47:53 Bracer
48:24 Ring Archer Armor
48:25 Plate Mail Armor
48:51 Halberdier
51:09 Chemistry
51:38 Blast Furnace
52:28 Conscription
52:18 Scale Barding Armor
Connection lost

Rejoining the realm…

Still unreachable

The connection could not be restored.

Session expired

The server has moved on; the page needs a fresh start.